 Dungeon Crawl Stone Soup version 0.28.0 (webtiles) character file.

Game seed: 8005201895284124573

287 themarg the Caller (level 6, -5/41 HPs)
             Began as a Merfolk Summoner on Feb 17, 2022.
             Slain by a gnoll (6 damage)
             ... on level 3 of the Dungeon.
             The game lasted 00:14:12 (4098 turns).

themarg the Caller (Merfolk Summoner)               Turns: 4098, Time: 00:14:13

Health: -5/41      AC:  1    Str:  8    XL:     6   Next: 30%
Magic:  1/11       EV: 14    Int: 17    God:
Gold:   132        SH:  0    Dex: 16    Spells: 7/11 levels left

rFire   . . .      SeeInvis .   k - +0 spear
rCold   . . .      Faith    .   (no shield)
rNeg    . . .      Spirit   .   a - +0 robe
rPois   +          Reflect  .   (no helmet)
rElec   .          Harm     .   (no cloak)
rCorr   .          Rampage  .   (no gloves)
Will    .....                   (no boots)
Stlth   +++++.....              (no amulet)
HPRegen 0.13/turn               (no ring)
MPRegen 0.12/turn               (no ring)

@: very slightly contaminated
A: (nimble swimmer 2), mertail, thin skeletal structure 1, camouflage 1,
deformed body, poison resistance
a: no special abilities


You were on level 3 of the Dungeon.
You visited 1 branch of the dungeon, and saw 4 of its levels.

You collected 132 gold pieces.

Inventory:

Hand Weapons
 c - a +0 short sword
 k - a +0 spear (weapon)
 l - a +2 antimagic dagger
Armour
 a - a +0 robe (worn)
Jewellery
 m - an amulet of reflection
Scrolls
 b - a scroll of summoning {unknown}
 g - a scroll of magic mapping {unknown}
 h - 3 scrolls of identify {unknown}
 i - a scroll of brand weapon {unknown}
 j - a scroll of holy word {unknown}
Potions
 d - a potion of ambrosia {unknown}
 e - a potion of curing {unknown}
 f - a potion of mutation


   Skills:
 + Level 4.8 Dodging
 + Level 4.1 Stealth
 + Level 3.3 Spellcasting
 + Level 5.1 Summonings


You had 7 spell levels left.
You knew the following spells:

 Your Spells              Type           Power      Damage    Failure   Level
a - Summon Small Mammal   Summ           80%        N/A       1%          1
b - Call Canine Familiar  Summ           20%        N/A       6%          3

Your spell library contained the following spells:

 Spells                   Type           Power      Damage    Failure   Level
 Call Imp                 Summ           20%        N/A       3%          2
 Summon Guardian Golem    Hex/Summ       11%        N/A       19%         3
 Tukima's Dance           Hex            2%         N/A       45%         3
 Summon Lightning Spire   Summ/Air       11%        N/A       52%         4
 Passage of Golubria      Tloc           2%         N/A       86%         4
 Yara's Violent Unravell  Hex/Tmut       1%         3d3       99%         5


Dungeon Overview and Level Annotations

Branches:
Dungeon (4/15)
 Temple: D:4-7

Altars:
Cheibriados


Innate Abilities, Weirdness & Mutations

((You are very nimble when in or above water. (Stealth+, EV+, Speed+++)))
Your lower body shifts to a powerful aquatic tail in water.
You have a somewhat thin skeletal structure. (Dex +2, Stealth+)
Your skin changes colour to match your surroundings (Stealth+).
Armour fits poorly on your strangely shaped body.
Your system is resistant to poisons. (rPois)


Message History

Reach: k) +0 spear
Press: ? - help, Dir - move target, f/p - gnoll
Aim: a gnoll, wielding a +0 flail (moderately wounded, fast, about 36% to evade your +0 spear)
You barely miss the gnoll.
The gnoll is moderately wounded.
The gnoll hits you with a +0 flail.
Your quokka barely misses the gnoll.
The gnoll misses you.
The gnoll shaman mumbles some strange prayers to its god against you.
Your quokka resists with significant effort.
Your rat closely misses the gnoll shaman.
You can't go down here!
The gnoll closely misses you. The gnoll misses you.
Your rat closely misses the gnoll shaman.
The gnoll hits you with a +0 club.
You climb upwards.
There is a stone staircase leading down here.
Casting: Summon Small Mammal (safe; 1% risk of failure)
Confirm with . or Enter, or press ? or * to list all spells.
You miscast Call Canine Familiar.
You are very lightly contaminated with residual magic.
Nothing appears to happen.
The gnoll completely misses you. The gnoll closely misses you.
Casting: Call Canine Familiar (dangerous; 6% risk of failure)
Confirm with . or Enter, or press ? or * to list all spells.
The gnoll hits you with a +0 flail! The gnoll closely misses you.
The gnoll misses you. The gnoll barely misses you.
You hit the gnoll.
The gnoll is lightly wounded.
The gnoll hits you with a +0 flail.
* * * LOW HITPOINT WARNING * * *
The gnoll hits you with a +0 club.
* * * LOW HITPOINT WARNING * * *
Your hound barely misses the gnoll.
The gnoll hits you with a +0 flail.
* * * LOW HITPOINT WARNING * * *
It was a potion of mutation.
You feel extremely strange.
Your body twists and deforms.
Your bones become slightly less dense.
Your skin functions as natural camouflage.
You feel resistant to poisons. The gnoll hits you with a +0 club.
You die...

....# #.##.# #.##.######.#
###.###.##.# #.##.# ####.#
###...#....######.##.# #....#
...##.####.....#.....# #.####
##.##....#.###.#########.####
#.....#.#.#.#.#............#
######.#.#...#.#.######.###.#
...# #.#....§#.#g#......# #.#
##+###.....###.#@#..##..###.#
...........'...#g#..##......#
...........#####h#..##.#########
...........# #.#####.........#
......^....# #.........#####.#
...........# #########.#####.#
.......††..# #.....#.##
...........# #####.#...
....†......# #.###.


You could see 2 gnolls and a friendly hound (summoned).

Vanquished Creatures
  An adder (D:2)
  2 bats (D:1)
  5 endoplasms
  A giant cockroach (D:2)
  4 goblins
  3 hobgoblins
  5 jackals (D:1)
  A kobold (D:1)
  3 ball pythons
  A frilled lizard (D:1)
26 creatures vanquished.

Vanquished Creatures (collateral kills)
  Grinder (D:3)
  A mummy (D:3)
  A gnoll (D:4)
  2 endoplasms
  3 giant cockroaches
  3 goblins
  A hobgoblin (D:3)
  12 jackals
  4 kobolds
  A quokka (D:2)
  2 ball pythons
31 creatures vanquished.

Grand Total: 57 creatures vanquished

Notes
Turn   | Place    | Note
-------+----------+-------------------------------------------
     0 | D:1      | themarg the Merfolk Summoner began the quest for the Orb.
     0 | D:1      | Reached XP level 1. HP: 13/13 MP: 3/3
   280 | D:1      | Reached XP level 2. HP: 17/19 MP: 3/5
  1220 | D:1      | Reached XP level 3. HP: 24/24 MP: 4/6
  2089 | D:2      | Learned a level 3 spell: Call Canine Familiar
  2341 | D:2      | Found a faded altar of an unknown god.
  3044 | D:2      | Reached XP level 4. HP: 30/30 MP: 4/7
  3461 | D:3      | Noticed Grinder
  3513 | D:3      | Paralysed by Grinder for 2 turns
  3519 | D:3      | Killed Grinder
  3520 | D:3      | Reached skill level 5 in Summonings
  3520 | D:3      | Reached XP level 5. HP: 23/35 MP: 1/9
  3520 | D:3      | Reached XP level 6. HP: 27/41 MP: 1/10
  3789 | D:3      | Found a snail-covered altar of Cheibriados.
  4097 | D:3      | HP: 1/41 [gnoll (6)]
  4098 | D:3      | Gained mutation: Armour fits poorly on your strangely
                  | shaped body. [potion of mutation]
  4098 | D:3      | Gained mutation: You have a somewhat thin skeletal
                  | structure. (Dex +2, Stealth+) [potion of mutation]
  4098 | D:3      | Gained mutation: Your skin changes colour to match your
                  | surroundings (Stealth+). [potion of mutation]
  4098 | D:3      | Gained mutation: Your system is resistant to poisons.
                  | (rPois) [potion of mutation]
  4098 | D:3      | Slain by a gnoll

Illustrated notes

Levels and vault maps discovered:
D:1:      evilmike_arrival_fibonacci_small, layout_basic, serial_park_tiny_1
D:2:      layout_basic, shapermc_ecumenical_altar_mp_highgroup,
          minmay_pentomino_o2
D:3:      layout_basic, slow_altar_2, uniq_grinder
D:4:      layout_loops_ring, uniq_ijyb, uniq_pikel

Skill      XL: |  1  2  3  4 |
---------------+-------------+-----
Dodging        | 3 4 |  4.8
Stealth        | 3 4 |  4.1
Spellcasting   | 3 |  3.3
Summonings     | 5 |  5.1

Action                   |  1- 3 |  4- 6 || total
-------------------------+-------+-------++-------
Melee: Short sword       |   109 |     7 ||   116
       Unarmed           |     5 |       ||     5
       Spear             |       |    25 ||    25
 Cast: Summon Small Mamm |    61 |    16 ||    77
       Call Canine Famil |       |    12 ||    12
  Use: Potion            |       |     1 ||     1
 Stab: Distracted        |     1 |     1 ||     2
       Sleeping          |     1 |     1 ||     2
Armor: Robe              |    21 |     2 ||    23
Dodge: Dodged            |   117 |    20 ||   137
